 Dungeon Crawl Stone Soup version 0.27.1 (webtiles) character file.

Game seed: 2647915314403266394

3003 bpung the Covert (level 9, 0/48 HPs)
             Began as a Gargoyle Brigand on Aug 27, 2021.
             Was a Believer of Makhleb.
             Splashed by a jelly's acid (2 damage)
             ... on level 6 of the Dungeon.
             The game lasted 00:31:21 (9246 turns).

bpung the Covert (Gargoyle Brigand)                 Turns: 9246, Time: 00:31:22

Health: 0/48       AC: 13    Str: 17    XL:     9   Next: 84%
Magic:  16/16      EV: 11    Int: 16    God:    Makhleb [**....]
Gold:   232        SH:  0    Dex: 14    Spells: 11/17 levels left

rFire    . . .     SeeInvis .   a - +1 dagger (freeze)
rCold    + + .     Faith    .   (no shield)
rNeg     + . .     Spirit   .   q - +1 leather armour "Ibeosh" {rElec}
rPois    ∞         Reflect  .   i - +0 hat of the Doldrums {+Inv rC+ Str-3 Dex+5}
rElec    +         Harm     .   r - +0 cloak "Qumotuti" {rC+ Slay+3}
rCorr    .         Rampage  .   (no gloves)
Will     .....                  (no boots)
Stlth    ++++......             f - amulet of magic regeneration
HPRegen  0.16/turn              o - +6 ring of strength
MPRegen  0.40/turn              (no ring)

@: hasted, very quick
A: sickness immunity, AC +6, negative energy resistance 1, electricity
resistance, torment resistance 1, petrification resistance, iridescent scales 1,
clumsy 1
a: Renounce Religion, Evoke Invisibility, Minor Destruction


You were on level 6 of the Dungeon.
You worshipped Makhleb.
Makhleb was pleased with you.
You visited 2 branches of the dungeon, and saw 7 of its levels.

You collected 232 gold pieces.

Inventory:

Hand Weapons
 a - a +1 dagger of freezing (weapon)
 e - a +0 dagger of venom
 h - a +3 dagger
 k - a +2 dagger of draining
Missiles
 d - 20 poisoned darts (quivered)
 j - a curare-tipped dart
Armour
 i - the +0 hat of the Doldrums (worn) {+Inv rC+ Str-3 Dex+5}
   (You acquired it on level 1 of the Dungeon)

   Str:       It affects your strength (-3).
   Dex:       It affects your dexterity (+5).
   rC:        It protects you from cold.
   +Inv:      It lets you turn invisible.
 q - the +1 leather armour "Ibeosh" (worn) {rElec}
   (You found it on level 5 of the Dungeon)

   rElec:     It insulates you from electricity.
 r - the +0 cloak "Qumotuti" (worn) {rC+ Slay+3}
   (You acquired it on level 5 of the Dungeon)

   Slay:      It affects your accuracy & damage with ranged weapons and melee
   (+3).
   rC:        It protects you from cold.
Jewellery
 f - an amulet of magic regeneration (around neck)
 o - a +6 ring of strength (left hand)
Wands
 m - a wand of iceblast (8)
 n - a wand of acid (10)
 p - a wand of charming (10)
Scrolls
 b - 4 scrolls of teleportation
 l - a scroll of magic mapping
Potions
 s - a potion of might


   Skills:
 - Level 2.1 Fighting
 + Level 5.6 Short Blades
 - Level 2.3 Throwing
 - Level 0.7 Dodging
 + Level 9.0 Stealth
 + Level 4.8 Spellcasting
 + Level 5.8 Conjurations
 + Level 4.9 Hexes
 - Level 1.7 Ice Magic
 - Level 1.1 Invocations


You had 11 spell levels left.
You knew the following spells:

 Your Spells              Type           Power      Damage    Failure   Level
a - Shock                 Conj/Air       52%        1d6       6%          1
b - Ensorcelled Hibernat  Hex/Ice        28%        N/A       8%          2
c - Stone Arrow           Conj/Erth      26%        3d8       17%         3

Your spell library contained the following spells:

 Spells                   Type           Power      Damage    Failure   Level
 Gell's Gravitas          Tloc           1%         N/A       50%         3
 Spider Form              Tmut/Pois      1%         N/A       50%         3
 Swiftness                Air            3%         N/A       50%         3
 Teleport Other           Tloc           3%         N/A       50%         3
 Airstrike                Air            1%         N/A       88%         4
 Freezing Cloud           Conj/Ice/Air   5%         6-21      88%         5
 Yara's Violent Unravell  Hex/Tmut       5%         3d4       88%         5
 Bolt of Magma            Conj/Fire/Erth 5%         4d5       94%         5
 Dispersal                Tloc           1%         N/A       100%        6
 Shadow Creatures         Summ           N/A        N/A       100%        6
 Simulacrum               Ice/Necr       3%         N/A       100%        6
 Shatter                  Erth           1%         3d6*      100%        9


Dungeon Overview and Level Annotations

Branches:
Dungeon (6/15)             Temple (1/1) D:4

Altars:
Ashenzari
Cheibriados
Dithmenos
Elyvilon
Gozag
Hepliaklqana
Kikubaaqudgha
Makhleb
Okawaru
Qazlal
Ru
Trog
Uskayaw
Vehumet
Wu Jian
Xom
Yredelemnul
Zin
The Shining One

Annotations:
D:3 Grinder


Innate Abilities, Weirdness & Mutations

You are immune to sickness and miasma.
Your stone body is resilient. (AC +6)
You are immune to poison.
You resist negative energy. (rN+)
You are resistant to electric shocks. (rElec)
You are resistant to unholy torment.
You are immune to petrification.
You are partially covered in iridescent scales. (AC +2)
You are clumsy. (Dex -2)


Message History

You hit the vampire but do no damage.
The vampire is moderately damaged.
Unknown command.
You feel yourself speed up. The vampire completely misses you. x2
The orc warrior shouts!
Casting: Stone Arrow (dangerous; 17% risk of failure)
Confirm with . or Enter, or press ? or * to list all spells.
Aiming: Stone Arrow (dangerous; 17% risk of failure)
Press: ? - help, Shift-Dir - straight line, f/p - vampire
Aim: a vampire, wielding a +0 dagger (moderately damaged, 68% to hit)
The stone arrow hits the vampire.
The vampire is moderately damaged.
The vampire gestures wildly while chanting.
The vampire flickers and vanishes!
Deactivating autopickup; reactivate with Ctrl-A.
You see here a +0 rapier.
The scorpion barely misses you.
You hit the scorpion but do no damage. You hit the scorpion.
You freeze the scorpion.
The scorpion is lightly wounded.
The scorpion stings you.
* * * LOW HITPOINT WARNING * * *
You hit the scorpion. You freeze the scorpion.
The scorpion is moderately wounded.
You hit the scorpion but do no damage.
The scorpion is moderately wounded.
The scorpion closely misses you.
You hit the scorpion. You freeze the scorpion.
The scorpion is heavily wounded.
You hit the scorpion. You freeze the scorpion.
The scorpion is severely wounded.
The scorpion stings you but does no damage.
The scorpion misses you.
You see here a sky beast corpse.
The jelly quivers.
You hit the jelly. You freeze the jelly.
Your hands burn!
* * * LOW HITPOINT WARNING * * *
The jelly is moderately wounded.
You hit the jelly. You freeze the jelly.
Your hands burn!
You die...

....##..########..########.......
#####...#...'..#..# #.......
#...#.}.#..#..# #.......
##..#...#..#..# ####....
#...#####..#..# #..#....
##..#......#..# #..#....
#...#......#..# #..#....
#...#..#####J.#####..#..#)...
#####......#@.#hJ....#..#....
#......#s.#o.....#..#....
#####..#..#..#####..#....
#......#..#..... #..#)... ######
#......#..#......#..#.... .....#
#..#####.†#####..#..#.... .....#
#......#..#Y.....#..#.... .....#
#......#..#(.....#..#.... .....#
#####..#..#..#####..#..<.


You could see an orc warrior, a scorpion, a howler monkey and 2 jellies.

Vanquished Creatures
  4 yaks (D:6)
  Eustachio (D:5)
  Menkaure (D:6)
  2 orc warriors (D:6)
  3 sky beasts
  A black bear (D:5)
  3 ogres
  A phantom (D:6)
  A centaur (D:5)
  2 necrophages
  Blork the orc (D:4)
  2 scorpions
  A water moccasin skeleton (D:6)
  2 howler monkeys
  A jelly (D:6)
  A centaur zombie (D:6)
  A gnoll shaman (D:4)
  2 orc priests
  A bullfrog skeleton (D:6)
  3 hounds (D:6)
  Jessica (D:2)
  An iguana (D:5)
  Natasha (twice) (D:3)
  2 orc wizards
  A hound zombie (D:5)
  A hound skeleton (D:5)
  A howler monkey zombie (D:5)
  14 gnolls
  2 adders
  A shadow imp (D:6)
  An adder skeleton (D:4)
  A worm (D:2)
  3 dart slugs
  18 orcs
  4 ball pythons
  6 bats
  7 endoplasms
  6 giant cockroaches
  6 goblins
  9 hobgoblins
  2 jackals (D:1)
  7 kobolds
  2 frilled lizards
  A quokka skeleton (D:4)
  10 rats
143 creatures vanquished.

Notes
Turn   | Place    | Note
-------+----------+-------------------------------------------
     0 | D:1      | bpung the Gargoyle Brigand began the quest for the Orb.
     0 | D:1      | Reached XP level 1. HP: 12/12 MP: 1/1
   187 | D:1      | Reached XP level 2. HP: 13/17 MP: 2/2
   348 | D:1      | Reached skill level 5 in Stealth
   477 | D:1      | Found a faded altar of an unknown god.
   585 | D:1      | Reached XP level 3. HP: 21/21 MP: 3/3
   588 | D:1      | Learned a level 2 spell: Ensorcelled Hibernation
   675 | D:1      | Identified a scroll of acquirement
   675 | D:1      | Acquired the +0 hat of the Doldrums {+Inv rC+ Str-3 Dex+5}
  1203 | D:2      | Noticed Jessica
  1213 | D:2      | Killed Jessica
  1214 | D:2      | Reached skill level 6 in Stealth
  1214 | D:2      | Reached XP level 4. HP: 26/26 MP: 4/4
  2811 | D:3      | Noticed Grinder
  3110 | D:4      | Found a staircase to the Ecumenical Temple.
  3136 | D:4      | Got the Tome of Glacial Enchantment
  3141 | D:4      | Learned a level 1 spell: Shock
  3156 | Temple   | Entered the Ecumenical Temple
  3222 | Temple   | Became a worshipper of Makhleb the Destroyer
  3770 | D:3      | Reached XP level 5. HP: 18/30 MP: 1/5
  3911 | D:4      | Noticed Blork the orc
  3926 | D:4      | Killed Blork the orc
  3927 | D:4      | Reached skill level 1 in Hexes
  4072 | D:4      | Reached skill level 1 in Spellcasting
  4072 | D:4      | Reached skill level 1 in Conjurations
  4072 | D:4      | Reached skill level 1 in Ice Magic
  4072 | D:4      | Reached skill level 1 in Invocations
  4072 | D:4      | Reached XP level 6. HP: 23/35 MP: 7/7
  4747 | D:3      | Noticed Natasha
  4788 | D:3      | Killed Natasha
  4968 | D:3      | Noticed Natasha
  5107 | D:3      | Killed Natasha
  5298 | D:3      | Found a radiant altar of Vehumet.
  5298 | D:3      | Found a stormy altar of Qazlal.
  5298 | D:3      | Found a basalt altar of Yredelemnul.
  5310 | D:3      | Paralysed by Grinder for 6 turns
  5324 | D:3      | HP: 1/35 [Grinder/nerve-wracking pain (6)]
  5671 | D:5      | Entered Level 5 of the Dungeon
  6037 | D:5      | Reached XP level 7. HP: 40/40 MP: 9/9
  6074 | D:5      | Gained mutation: You are clumsy. (Dex -2) [potion of
                  | mutation]
  6074 | D:5      | Gained mutation: You are partially covered in iridescent
                  | scales. (AC +2) [potion of mutation]
  6175 | D:5      | Noticed Eustachio
  6205 | D:5      | Killed Eustachio
  6327 | D:5      | Reached skill level 7 in Stealth
  6381 | D:5      | Reached XP level 8. HP: 44/44 MP: 10/12
  6521 | D:5      | Reached * piety under Makhleb
  6736 | D:5      | Identified the +1 leather armour "Ibeosh" {rElec}
  7041 | D:5      | Acquired the +0 cloak "Qumotuti" {rC+ Slay+3}
  7571 | D:6      | Noticed a yak
  7571 | D:6      | Noticed a yak
  7571 | D:6      | Noticed a yak
  7572 | D:6      | Noticed a yak
  7575 | D:6      | Killed a yak
  7576 | D:6      | Reached skill level 8 in Stealth
  7576 | D:6      | Reached XP level 9. HP: 48/48 MP: 14/14
  7588 | D:6      | Reached skill level 5 in Short Blades
  7588 | D:6      | Reached skill level 5 in Conjurations
  8308 | D:6      | Noticed Menkaure
  8902 | D:6      | Killed Menkaure
  8935 | D:6      | Reached ** piety under Makhleb
  9147 | D:6      | Reached skill level 9 in Stealth
  9154 | D:6      | Learned a level 3 spell: Stone Arrow
  9200 | D:6      | HP: 2/48 [vampire (7)]
  9245 | D:6      | HP: 2/48 [acid (4)]
  9246 | D:6      | Splashed by a jelly's acid

Illustrated notes

Levels and vault maps discovered:
D:1:      matt_arrival_diagonals, layout_basic,
          chequers_ecumenical_altar_simple, ebering_dispersal_statue_hall,
          serial_bayou_ford_a, minmay_pentomino_s2
D:2:      layout_basic, uniq_jessica
D:3:      layout_loops_cross, chequers_temple_overflow_statue_of_worship,
          kennysheep_generic_room_14, uniq_grinder, uniq_natasha
D:4:      layout_cave_pools, minmay_temple_entry_statues, glass_columns_c,
          uniq_blork_the_orc
D:5:      layout_basic, st_stairs_1, uniq_eustachio
D:6:      kennysheep_windowed_halls, layout_gridville, uniq_menkaure
Temple:   nicolae_temple_x_marks_the_god

Skill      XL: |  1  2  3  4  5  6  7  8  9 |
---------------+----------------------------+-----
Stealth        | 5 6 7 8 9 |  9.0
Short Blades   | 2 3 4 5 |  5.6
Throwing       | 2 |  2.3
Hexes          | 1 2 3 4 |  4.9
Spellcasting   | 1 2 3 4 |  4.8
Conjurations   | 1 3 4 5 |  5.8
Ice Magic      | 1 |  1.7
Invocations    | 1 |  1.1
Fighting       | |  2.1
Dodging        | |  0.7

Action                   |  1- 3 |  4- 6 |  7- 9 || total
-------------------------+-------+-------+-------++-------
Melee: Dagger            |    79 |   266 |   336 ||   681
Throw: Dart              |       |    19 |     6 ||    25
 Cast: Shock             |       |    14 |     5 ||    19
       Ensorcelled Hiber |       |       |    33 ||    33
       Stone Arrow       |       |       |     4 ||     4
Evoke: Wand              |       |       |     2 ||     2
  Use: Scroll            |     2 |     5 |     5 ||    12
       Potion            |     1 |     4 |     7 ||    12
 Stab: Sleeping          |    12 |     5 |    27 ||    44
       Distracted        |       |     1 |       ||     1
Armor: Robe              |    26 |    82 |    21 ||   129
       Leather armour    |       |       |   121 ||   121
Dodge: Dodged            |    34 |   146 |   157 ||   337
